 Dungeon Crawl Stone Soup version 0.21.1-1-g345015f (webtiles) character file.

406 suicidejoker the Insei (level 6, -3/43 HPs)
             Began as an Octopode Monk on May 16, 2018.
             Killed from afar by a white imp (6 damage)
             ... with a puff of frost
             ... summoned by Natasha
             ... on level 3 of the Dungeon.
             The game lasted 00:07:47 (3390 turns).

suicidejoker the Insei (Octopode Monk)              Turns: 3390, Time: 00:07:47

Health: -3/43      AC:  1    Str: 12    XL:     6   Next: 87%
Magic:  6/6        EV: 19    Int: 12    God:
Gold:   148        SH:  0    Dex: 15    Spells: 5/5 levels left

rFire    . . .     SeeInvis .   b - +1 hunting sling (freeze)
rCold    . . .     Gourm    .   (no shield)
rNeg     . . .     Faith    .   (helmet restricted)
rPois    .         Spirit   .   (no amulet)
rElec    .         Reflect  .   c - ring of resist corrosion
rCorr    +         Harm     .   e - +4 ring of evasion
MR       .....                  (no ring)
Stlth    ++........             (no ring)
HPRegen  0.14/turn              (no ring)
MPRegen  0.10/turn              (no ring)
                                (no ring)
                                (no ring)

@: confused
A: almost no armour, stealthy swim, amphibious, 8 rings, constrict 8, camouflage
1, gelatinous body 1
a: no special abilities


You were on level 3 of the Dungeon.
You were hungry.

You visited 1 branch of the dungeon, and saw 3 of its levels.

You collected 148 gold pieces.

Inventory:

Hand Weapons
 b - a +1 hunting sling of freezing (weapon)
 q - a +0 blowgun
Missiles
 g - 67 stones (quivered)
 k - 19 bolts
 l - 8 arrows
 n - 6 tomahawks
 p - 29 poisoned needles
Jewellery
 c - a ring of resist corrosion (left tentacle)
 e - a +4 ring of evasion (right tentacle)
Wands
 i - a wand of flame (22)
 r - a wand of acid (10)
Scrolls
 j - 3 scrolls of teleportation
 t - a scroll of enchant armour {unknown}
Potions
 f - a potion of cancellation {unknown}
 h - a potion of curing {unknown}
 m - a potion of berserk rage {unknown}
Comestibles
 a - 7 rations


   Skills:
 + Level 4.0 Fighting
 + Level 2.0 Slings
 + Level 4.1 Dodging
 + Level 4.8 Stealth
 * Level 5.0 Unarmed Combat


You had 5 spell levels left.
You didn't know any spells.

Dungeon Overview and Level Annotations

Branches:
Dungeon (3/15)

Altars:

Annotations:
D:3 1 runed door, Natasha


Innate Abilities, Weirdness & Mutations

You cannot wear most types of armour.
You are very stealthy in the water. (Stealth+)
You are amphibious.
You can wear up to eight rings at the same time.
You can use your tentacles to constrict eight enemies at once.
Your skin changes colour to match your surroundings (Stealth+).
Your rubbery body absorbs attacks. (AC +1, EV +1)


Message History

You shoot a stone. The stone barely misses Natasha.
The white imp closely misses you. The crimson imp barely misses you.
Natasha misses you. The white imp hits you. The white imp freezes you.
Firing (i - inventory. (,) - cycle):
g - 68 stones (quivered)
Press: ? - help, Shift-Dir - straight line, f/p - Natasha
Aim: Natasha (severely wounded)
You shoot a stone. The stone misses Natasha.
The crimson imp shouts, "Slither home, thou puny unchin-snouted maggot-pie!"
The crimson imp hits you.
* * * LOW HITPOINT WARNING * * *
Natasha claws you!
* * * LOW HITPOINT WARNING * * *
The white imp gestures at you. The puff of frost misses you.
You are confused.
You feel invigorated. The crimson imp closely misses you. Natasha claws you.
* * * LOW HITPOINT WARNING * * *
The white imp gestures at you. The puff of frost hits you!
You die...

###♣♣♣♣♣ # # ## ##.##
####### ...# #.....#
#.####.###.#
#.......##.#
#.###†####..##.######
#...@.# #..##.......
#.....5h5.###..##.#####.
.#####.(.###.........##.
##(## #.####..#.##. #.#
#.# #..#.##. #.# #.#
##....... #'#
#.###.....### .((
#.......### #####.###


You could see Natasha, a crimson imp and a white imp.

Vanquished Creatures
  The ghost of flappity the Magician, an amateur DECj (D:3)
  A howler monkey (D:3)
  Ijyb (D:3)
  Natasha (twice) (D:3)
  5 adders (D:2)
  An ooze (D:1)
  A worm (D:3)
  2 dart slugs
  2 leopard geckos (D:1)
  An orc (D:3)
  8 bats
  6 giant cockroaches
  8 hobgoblins
  13 jackals
  5 frilled lizards
  5 goblins
  10 kobolds
  9 rats
81 creatures vanquished.

Notes
Turn   | Place    | Note
-------+----------+-------------------------------------------
     0 | D:1      | suicidejoker the Octopode Monk began the quest for the Orb.
     0 | D:1      | Reached XP level 1. HP: 16/16 MP: 1/1
    63 | D:1      | Reached XP level 2. HP: 9/21 MP: 2/2
   688 | D:1      | Reached XP level 3. HP: 26/26 MP: 3/3
  1649 | D:2      | Reached XP level 4. HP: 31/31 MP: 4/4
  1831 | D:2      | Reached skill level 4 in Unarmed Combat
  2237 | D:2      | Reached XP level 5. HP: 36/36 MP: 5/5
  2489 | D:3      | Reached skill level 1 in Slings
  2627 | D:3      | Found a runed door.
  2759 | D:3      | Noticed flappity's ghost (amateur DECj)
  2778 | D:3      | Killed flappity's ghost
  2778 | D:3      | Reached XP level 6. HP: 26/43 MP: 6/6
  2993 | D:3      | Noticed Natasha
  2996 | D:3      | Noticed Ijyb
  2998 | D:3      | Killed Natasha
  3044 | D:3      | Killed Ijyb
  3067 | D:3      | Noticed Natasha
  3071 | D:3      | Killed Natasha
  3349 | D:3      | Reached skill level 5 in Unarmed Combat
  3375 | D:3      | Noticed Natasha
  3390 | D:3      | Killed from afar by a white imp

Skill      XL: |  1  2  3  4  5  6 |
---------------+-------------------+-----
Stealth        | 3 4 |  4.8
Unarmed Combat | 4 5 |  5.0
Slings         | 1 2 |  2.0
Dodging        | 4 |  4.1
Fighting       | 4 |  4.0

Action                   |  1- 3 |  4- 6 || total
-------------------------+-------+-------++-------
Melee: Unarmed           |    90 |    45 ||   135
       Constrict         |    24 |       ||    24
       Tentacles         |    15 |       ||    15
       Punch             |     1 |       ||     1
 Fire: Hunting sling     |     2 |   124 ||   126
  Use: Scroll            |       |     4 ||     4
       Potion            |       |     1 ||     1
 Stab: Sleeping          |     8 |       ||     8
  Eat: Chunk             |     2 |     5 ||     7
Armor: Skin              |     5 |     1 ||     6
Dodge: Dodged            |    61 |    82 ||   143
